 Dungeon Crawl Stone Soup version 0.31-a0-1376-g36f0627844 (webtiles) character file.

Game seed: 7951040765336277517

70 Bnni the Digger (level 4, 32/32 HPs)
             Began as a Formicid Earth Elementalist on Dec 24, 2023.
             Was an Initiate of Ashenzari.
             Quit the game on level 2 of the Dungeon.
             The game lasted 00:02:31 (1298 turns).

Bnni the Digger (Formicid Earth Elementalist)       Turns: 1298, Time: 00:02:31

Health: 32/32      AC:  3    Str: 13    XL:     4   Next: 45%
Magic:  8/8        EV: 12    Int: 16    God:    Ashenzari [......]
Gold:   61         SH:  0    Dex: 14    Spells: 7/8 levels left

rFire   . . .        g - +0 dagger
rCold   . . .        (no shield)
rNeg    . . .        a - +0 robe
rPois   .            (helmet unavailable)
rElec   .            (no cloak)
rCorr   .            (no gloves)
SInv    +            i - +0 pair of boots
Will    .....        (no amulet)
Stlth   ++           (no ring)
HPRegen 0.25/turn    (no ring)
MPRegen 0.11/turn

%: no passive effects
@: no status effects
A: permanent stasis, dig shafts and tunnels, antennae 3, four strong arms
a: Dig, Shaft Self, Renounce Religion, Curse Item


You were on level 2 of the Dungeon.
You worshipped Ashenzari.
Ashenzari was noncommittal.
You visited 1 branch of the dungeon, and saw 2 of its levels.

You collected 61 gold pieces.

Inventory:

Hand Weapons
 g - a +0 dagger (weapon)
Missiles
 d - 6 poisoned darts
Armour
 a - a +0 robe (worn)
 f - a +0 ring mail
 i - a +0 pair of boots (worn)
 j - a +0 chain mail
Scrolls
 c - 3 scrolls of identify {unknown}
Potions
 b - a potion of magic
 e - a potion of lignification {unknown}
 h - a potion of brilliance {unknown}
 k - 2 potions of attraction {unknown}


   Skills:
 + Level 1.4 Fighting
 - Level 1.7 Dodging
 - Level 2.4 Stealth
 + Level 2.7 Spellcasting
 * Level 1.1 Conjurations
 * Level 4.7 Earth Magic
 - Level 2.0 Alchemy


You had 7 spell levels left.
You knew the following spells:

 Your Spells              Type           Power      Damage    Failure   Level
a - Sandblast             Erth           34%        2d9       2%          1

Your spell library contained the following spells:

 Spells                   Type           Power      Damage    Failure   Level
 Passwall                 Alch/Erth      10%        N/A       8%          2
 Shock                    Conj/Air       16%        1d4       16%         1
 Stone Arrow              Conj/Erth      22%        3d8       17%         3
 Petrify                  Alch/Erth      12%        N/A       43%         4
 Inner Flame              Hex/Fire       2%         N/A       50%         3
 Brom's Barrelling Bould  Conj/Erth      11%        2d3       50%         4
 Sticky Flame             Fire/Alch      5%         2d4       77%         4
 Flame Wave               Conj/Fire      4%         2d5       83%         4
 Airstrike                Air            1%         2d(1-17)  88%         4
 Swiftness                Air            Unusable   N/A       N/A         3

Dungeon Overview and Level Annotations

Branches:
Dungeon (2/15)

Altars:
Ashenzari


Innate Abilities, Weirdness & Mutations

You cannot be hasted, slowed, berserked, paralysed or teleported.
You can dig through walls and to a lower floor.
You have a pair of large antennae on your head. (SInv)
Your four strong arms can wield two-handed weapons with a shield.


Message History

Aiming: Sandblast (safe; 2% risk of failure)
Press: ? - help, Q - select action, (/) - cycle Shift-Dir - straight line, f/p - kobold
Aim: a kobold, wielding a +0 whip and quivering stones (77% to hit)
The blast of sand hits the kobold!
You kill the kobold!
Unknown command.
HP restored.
A goblin comes into view. It is wielding a +0 dagger.
A goblin is nearby!
Aiming: Sandblast (safe; 2% risk of failure)
Press: ? - help, Q - select action, (/) - cycle Shift-Dir - straight line, f - goblin
Aim: a goblin, wielding a +0 dagger (asleep, 100% to hit)
The blast of sand hits the goblin!
You kill the goblin!
Unknown command.
Key pressed, stopping explore.
Aiming: Sandblast (safe; 2% risk of failure)
Press: ? - help, Q - select action, (/) - cycle Shift-Dir - straight line, f - you
Okay, then.
A dart slug comes into view.
A dart slug is nearby!
Aiming: Sandblast (safe; 2% risk of failure)
Press: ? - help, Q - select action, (/) - cycle Shift-Dir - straight line, f - dart slug
Aim: a dart slug (100% to hit)
The blast of sand hits the dart slug!
You kill the dart slug!
Unknown command.
You open the door.
Found a faded altar of an unknown god.
There is an open door here.
There is a faded altar of an unknown god here.
This altar belongs to (a) Cheibriados, (b) Ashenzari or (c) Vehumet, but you can't tell which.
Press the corresponding letter to learn more about a god, or press enter to convert or escape to cancel.
Ashenzari accepts your prayer! Ashenzari welcomes you!
Ashenzari warns you of distant threats and treasures.
Ashenzari shows you where magical portals lie.
Ashenzari invites you to partake of a vision and a curse of devices and introspection.
Okay, then.
Unknown command.
Press < or > to pray at altars.
Are you sure you want to abandon this character and quit the game? (Confirm with "yes".)

#..............)...###
#......P.P.........#
#....###'###.#.#####
##.#.#8...8#.#.#
#.#.#.###.#.#.#
#.#.#.#5#.#.#.#
#.#.#.###.#...#
#.#.#8...8#.###
#.#.###@###.#
#.#...###...#
#.#.........#
#..........##
############


You could see an iron imp (petrified).

Vanquished Creatures
  3 adders (D:2)
  3 dart slugs
  4 bats
  2 endoplasms
  2 giant cockroaches (D:2)
  6 goblins
  A hobgoblin (D:1)
  A quokka (D:1)
  2 ball pythons
  5 frilled lizards
  4 kobolds
  4 rats (D:1)
37 creatures vanquished.

Notes
Turn   | Place    | Note
-------+----------+-------------------------------------------
     0 | D:1      | Bnni the Formicid Earth Elementalist began the quest for
                  | the Orb.
     0 | D:1      | Reached XP level 1. HP: 13/13 MP: 3/3
   210 | D:1      | Reached XP level 2. HP: 20/20 MP: 3/5
   273 | D:1      | Reached skill level 4 in Earth Magic
   459 | D:1      | Reached skill level 1 in Fighting
   487 | D:1      | Reached XP level 3. HP: 23/26 MP: 1/6
   947 | D:2      | Found a broken altar of Ashenzari.
   999 | D:2      | Reached XP level 4. HP: 32/32 MP: 5/7
  1034 | D:2      | Reached skill level 1 in Conjurations
  1289 | D:2      | Found a faded altar of an unknown god.
  1297 | D:2      | Prayed at the altar of an unknown god.
  1297 | D:2      | Became a worshipper of Ashenzari the Shackled
  1298 | D:2      | Quit the game

Illustrated notes

Levels and vault maps discovered:
D:1:      eino_arrival_cavern_a, layout_basic, minmay_pentomino_o2
D:2:      layout_basic, dreamdust_ecumenical_altar_sealed_demon, basic_altar,
          chequers_jeans

Skill      XL: |  1  2  3  4 |
---------------+-------------+-----
Alchemy        | 2 |  2.0
Earth Magic    | 4 |  4.7
Fighting       | 1 |  1.4
Conjurations   | 1 |  1.1
Dodging        | |  1.7
Stealth        | |  2.4
Spellcasting   | |  2.7

Action                     |  1- 3 |  4- 6 || total
---------------------------+-------+-------++-------
  Melee: Unarmed           |     1 |       ||     1
         Dagger            |     7 |     1 ||     8
   Cast: Sandblast         |    38 |    10 ||    48
   Stab: Sleeping          |     1 |       ||     1
 Armour: Robe              |    15 |     4 ||    19
  Dodge: Dodged            |     9 |     2 ||    11

Table legend: (Time is in decaauts)
 A = Elapsed time spent in this place.
 B = Non-inter-level travel time spent in this place.
 C = Inter-level travel time spent in this place.
 D = Time resting spent in this place.
 E = Time spent auto-exploring this place.
 F = Levels seen in this place.
 G = Mean time per level.
                   A        B        C        D        E       F      G
               +--------+--------+--------+--------+--------+-----+--------+
         Total |   1321 |   1300 |     21 |      0 |   1056 |   2 |  660.5 |
       Dungeon |   1321 |   1300 |     21 |      0 |   1056 |   2 |  660.5 |
               +--------+--------+--------+--------+--------+-----+--------+

Top non-repeatable levels by time:
     D:1: 905 daAuts
     D:2: 415 daAuts
